 Dungeon Crawl Stone Soup version 0.21-a0-237-g87df72b (webtiles) character file.

218 Hocus the Bolt Thrower (level 5, -1/45 HPs)
             Began as a Centaur Hunter on Sept 2, 2017.
             Slain by a killer bee (3 damage)
             ... on level 2 of the Dungeon.
             The game lasted 00:06:44 (1861 turns).

Hocus the Bolt Thrower (Centaur Hunter)             Turns: 1861, Time: 00:06:44

Health: -1/45      AC:  4    Str: 15    XL:     5   Next: 63%
Magic:  5/5        EV:  9    Int: 10    God:
Gold:   25         SH:  0    Dex: 10    Spells: 4/4 levels left

rFire    x . .     SeeInvis .   b - +0 short sword
rCold    + . .     Gourm    .   (no shield)
rNeg     . . .     Faith    .   c - +0 leather armour
rPois    .         Spirit   .   (no helmet)
rElec    .         Reflect  .   (no cloak)
rCorr    .         Harm     .   (no gloves)
MR       +....                  (no barding)
Stlth    +.........             (no amulet)
HPRegen  0.15/turn              e - ring of protection from magic
MPRegen  0.09/turn              u - ring of ice

@: lethally poisoned (-1 -> -2), flying, very quick
A: hooves 3, deformed body, speed 2, tough skin 3
a: no special abilities


You were on level 2 of the Dungeon.
You were not hungry.

You visited 1 branch of the dungeon, and saw 3 of its levels.

You collected 25 gold pieces.

Inventory:

Hand Weapons
 a - a +1 hand crossbow
 b - a +0 short sword (weapon)
Missiles
 d - 3 bolts
 k - a throwing net (quivered)
 l - 44 arrows
Armour
 c - a +0 leather armour (worn)
Jewellery
 e - a ring of protection from magic (left hand)
 u - a ring of ice (right hand)
Scrolls
 h - 3 scrolls of identify {unknown}
 j - 3 scrolls of teleportation {unknown}
 m - 3 scrolls of remove curse {unknown}
 o - a scroll of amnesia {unknown}
 q - a scroll of recharging {unknown}
 r - a scroll of fog {unknown}
 s - a scroll of immolation {unknown}
Potions
 i - 2 potions of flight
 n - a potion of invisibility {unknown}
 p - a potion of ambrosia {unknown}
Comestibles
 f - 3 bread rations
 g - 2 meat rations
 t - a royal jelly
 v - 3 fruits


   Skills:
 + Level 3.0 Fighting
 - Level 7.2 Crossbows
 - Level 1.3 Dodging
 - Level 0.4 Stealth


You had 4 spell levels left.
You didn't know any spells.

Dungeon Overview and Level Annotations

Branches:
Dungeon (3/15)

Altars:
Makhleb
Zin


Innate Abilities, Weirdness & Mutations

You have hooves in place of feet.
Armour fits poorly on your strangely shaped body.
You cover ground very quickly.
You have extremely tough skin. (AC +3)


Message History

You feel sick.
A killer bee comes into view.
There is a stone staircase leading up here.
The killer bee stings you. The killer bee stings you!
You climb upwards.
There is a stone staircase leading down here.
You closely miss the killer bee. Your kick misses the killer bee.
You feel sick. The killer bee closely misses you. The killer bee stings you.
* * * LOW HITPOINT WARNING * * *
You miss the killer bee. The killer bee barely misses you.
The killer bee stings you.
* * * LOW HITPOINT WARNING * * *
The killer bee stings you.
* * * LOW HITPOINT WARNING * * *
It was a potion of flight.
You feel very buoyant.
You fly up into the air.
The killer bee stings you.
* * * LOW HITPOINT WARNING * * *
The killer bee stings you.
You die...

.####.################.......####
....#..# #######..... ###..#.#
###### ##...## ##...###
#####..รท..#########
...#...#).........# ####
..<.....###...###y############...
.........####...@.......#....#...
.........#######..#####......#...
............# ##.## ###........
........#...# #..#### ####.....
..)....##...# #.....####.......
###.######.##########.##.....)...
##.######.###....##...##........
#.......(........#.....#........
#.........###.##.#.....#.######.


You could see a killer bee.

Vanquished Creatures
  An orc wizard (D:3)
  Jessica (D:2)
  Natasha (twice) (D:2)
  A gnoll (D:1)
  3 adders
  A worm (D:2)
  A dart slug (D:1)
  3 leopard geckos
  6 orcs (D:3)
  2 ball pythons
  5 bats
  6 giant cockroaches
  3 goblins
  7 hobgoblins
  8 jackals
  3 quokkas
  A frilled lizard (D:2)
  5 kobolds
  6 rats
65 creatures vanquished.

Notes
Turn   | Place    | Note
-------+----------+-------------------------------------------
     0 | D:1      | Hocus the Centaur Hunter began the quest for the Orb.
     0 | D:1      | Reached XP level 1. HP: 17/17 MP: 1/1
    61 | D:1      | Reached XP level 2. HP: 24/24 MP: 2/2
    66 | D:1      | Reached skill level 5 in Crossbows
   507 | D:1      | Reached XP level 3. HP: 29/29 MP: 3/3
   838 | D:2      | Found a glowing silver altar of Zin.
   839 | D:2      | Noticed Jessica
   842 | D:2      | Killed Jessica
   842 | D:2      | Reached skill level 6 in Crossbows
   904 | D:2      | Noticed Natasha
   910 | D:2      | Killed Natasha
   910 | D:2      | Reached XP level 4. HP: 30/36 MP: 4/4
   956 | D:2      | Found a burning altar of Makhleb.
  1235 | D:2      | Noticed Natasha
  1236 | D:2      | Killed Natasha
  1236 | D:2      | Reached skill level 7 in Crossbows
  1236 | D:2      | Reached XP level 5. HP: 33/41 MP: 5/5
  1861 | D:2      | HP: 2/45 [killer bee (5)]
  1861 | D:2      | Slain by a killer bee

Vault maps used:
D:1:      tarquinn_simple_flora_water_b
D:2:      marbit_many_paths, first_bread, minmay_tree_intersection,
          lemuel_statue_altar, uniq_natasha, uniq_jessica

Skill      XL: |  1  2  3  4  5 |
---------------+----------------+-----
Crossbows      | 5 6 7 |  7.2
Fighting       | 3 |  3.0
Dodging        | |  1.3
Stealth        | |  0.4

Action                   |  1- 3 |  4- 6 || total
-------------------------+-------+-------++-------
Melee: Short sword       |       |    66 ||    66
       Kick              |       |    17 ||    17
 Fire: Hand crossbow     |    50 |    70 ||   120
Throw: Throwing net      |       |     2 ||     2
  Use: Potion            |       |     1 ||     1
  Eat: Chunk             |       |     2 ||     2
Armor: Leather armour    |     3 |    24 ||    27
Dodge: Dodged            |     4 |    37 ||    41

Table legend:
 A = Spawn XP
 B = Non-spawn XP
 C = Spawn XP percentage of total XP
 D = Spawn monster count
 E = Non-spawn monster count
 F = Spawn count percentage of total count
 G = Total turns spent on level
                    A         B        C        D         E        F      G
               +---------+---------+-------+---------+---------+-------+---------
         Total |       8 |     304 |   2.6 |       5 |      60 |   7.7 |  1861
               +---------+---------+-------+---------+---------+-------+---------
           D:1 |       0 |      43 |   0.0 |       0 |      17 |   0.0 |   804
           D:2 |       8 |     155 |   4.9 |       5 |      18 |  21.7 |   599
           D:3 |       0 |     106 |   0.0 |       0 |      25 |   0.0 |   458
               +---------+---------+-------+---------+---------+-------+---------
